 Dungeon Crawl Stone Soup version 0.21.1-1-g345015f (webtiles) character file.

32 ResFu the Digger (level 3, -1/19 HPs)
             Began as a Gargoyle Earth Elementalist on July 5, 2018.
             Was an Initiate of Wu Jian.
             Slain by a gnoll
             ... wielding a +0 club
              (5 damage)
             ... on level 2 of the Dungeon.
             The game lasted 00:20:59 (1958 turns).

ResFu the Digger (Gargoyle Earth Elementalist)      Turns: 1958, Time: 00:21:00

Health: -1/19      AC:  5    Str: 11    XL:     3   Next: 25%
Magic:  6/6        EV: 12    Int: 15    God:    Wu Jian [......]
Gold:   138        SH:  0    Dex: 11    Spells: 0/6 levels left

rFire    . . .     SeeInvis .   (no weapon)
rCold    . . .     Gourm    .   (no shield)
rNeg     + . .     Faith    .   c - +0 robe
rPois    ∞         Spirit   .   (no helmet)
rElec    +         Reflect  .   (no cloak)
rCorr    .         Harm     .   (no gloves)
MR       .....                  (no boots)
Stlth    ++........             (no amulet)
HPRegen  0.06/turn              (no ring)
MPRegen  0.10/turn              (no ring)

@: no status effects
A: negative energy resistance 1, electricity resistance, unbreathing,
petrification resistance, rot immunity, AC +3
a: Renounce Religion


You were on level 2 of the Dungeon.
You worshipped Wu Jian.
Wu Jian was noncommittal.
You were not hungry.

You visited 1 branch of the dungeon, and saw 3 of its levels.

You collected 138 gold pieces.

Inventory:

Hand Weapons
 q - a +0 dire flail
Missiles
 b - 67 stones (quivered)
 p - 18 bolts
Armour
 c - a +0 robe (worn)
 g - a +0 helmet
 m - a +0 plate armour
Jewellery
 o - a cursed ring of teleportation {unknown}
Scrolls
 a - 4 scrolls of identify {unknown}
 i - a scroll of remove curse {unknown}
 k - a scroll of fog {unknown}
Potions
 f - 2 potions of degeneration {unknown}
 h - 4 potions of curing {unknown}
 j - a potion of cancellation {unknown}
 l - a potion of berserk rage {unknown}
 n - a potion of lignification {unknown}
Books
 e - a book of Geomancy

   Spells                             Type                      Level
   a - Sandblast                      Earth                        1
   b - Passwall                       Transmutation/Earth          2
   c - Stone Arrow                    Conjuration/Earth            3
   d - Petrify                        Transmutation/Earth          4
   e - Lee's Rapid Deconstruction     Earth                        5
Comestibles
 d - 5 rations


   Skills:
 + Level 0.2 Fighting
 + Level 2.0 Dodging
 + Level 2.3 Stealth
 * Level 0.7 Unarmed Combat
 - Level 2.1 Spellcasting
 + Level 0.7 Transmutations
 + Level 4.3 Earth Magic


You couldn't memorise any spells.
You knew the following spells:

 Your Spells              Type           Power        Failure   Level  Hunger
a - Sandblast             Erth           ##....       3%          1    #......
b - Passwall              Tmut/Erth      #.........   12%         2    ###....
c - Stone Arrow           Conj/Erth      #.....       26%         3    ###....


Dungeon Overview and Level Annotations

Branches:
Dungeon (3/15)

Altars:
Nemelex Xobeh
Wu Jian

Annotations:
D:3 2 exclusions, nicolaieve's ghost, weakling MiBe


Innate Abilities, Weirdness & Mutations

You are resistant to torment.
Your stone body is resilient. (AC +3)
You are immune to poison.
You resist negative energy. (rN+)
You are resistant to electric shocks. (rElec)
You can survive without breathing.
You are immune to petrification.
You are immune to rotting.


Message History

The gnoll misses you.
You barely miss the gnoll.
The gnoll is severely wounded.
The gnoll hits you with a club.
You barely miss the gnoll.
The gnoll is severely wounded.
The gnoll hits you but does no damage.
There is an open door here.
You closely miss the gnoll.
The gnoll is severely wounded.
The gnoll hits you with a club.
You hit the gnoll.
The gnoll is severely wounded.
The gnoll misses you.
The gnoll hits you from afar with a spear.
* * * LOW HITPOINT WARNING * * *
You closely miss the gnoll.
The gnoll is severely wounded.
The gnoll hits you with a club.
You die...

..# ###.#######.#### # .##
#.......# #.# .# #.#.###.###.# >#
##...........## .#####
#..####.####..## .....#
#..##.....##...## ## .###.#
#..#.......#....## ##.
..##.######..#.......#.....####..
................@gg........'.....
.....######..#.......#.....####..
...#.# ###..#.......#....## #..
..##<# #....##.....##...## #.#
.###.# #.##.####.####..## #g#
.....# #.##...........## #.#
.##### #.###.########.# #.# .#
#..........# #.# #####.. .#
#^.#######.###.####g.....


You could see 2 gnolls.

Vanquished Creatures
  3 bats
  4 giant cockroaches
  3 goblins (D:2)
  5 hobgoblins (D:1)
  5 kobolds (D:1)
  3 frilled lizards
  6 rats
29 creatures vanquished.

Vanquished Creatures (others)
  A bat (D:1)
  A hobgoblin (D:1)
2 creatures vanquished.

Grand Total: 31 creatures vanquished

Notes
Turn   | Place    | Note
-------+----------+-------------------------------------------
     0 | D:1      | ResFu the Gargoyle Earth Elementalist began the quest for the Orb.
     0 | D:1      | Reached XP level 1. HP: 10/10 MP: 3/3
   119 | D:1      | Reached skill level 4 in Earth Magic
   119 | D:1      | Reached XP level 2. HP: 6/15 MP: 1/5
   949 | D:2      | Reached XP level 3. HP: 19/19 MP: 4/6
  1312 | D:2      | Found an ornate altar of the Wu Jian Council.
  1323 | D:2      | Became a worshipper of the Wu Jian Council
  1536 | D:3      | Found a sparkling altar of Nemelex Xobeh.
  1553 | D:3      | Learned a level 2 spell: Passwall
  1557 | D:3      | Learned a level 3 spell: Stone Arrow
  1670 | D:3      | Noticed nicolaieve's ghost (weakling MiBe)
  1782 | D:3      | Found a faded altar of an unknown god.
  1958 | D:2      | Slain by a gnoll

Skill      XL: |  1  2  3 |
---------------+----------+-----
Earth Magic    | 4 |  4.3
Dodging        | 2 |  2.0
Fighting       | |  0.2
Stealth        | |  2.3
Unarmed Combat | |  0.7
Spellcasting   | |  2.1
Transmutations | |  0.7

Action                   || total
-------------------------++-------
Melee: Unarmed           ||   117
 Cast: Sandblast         ||    24
Invok: Lunge             ||     3
 Stab: Sleeping          ||     3
  Eat: Ration            ||     1
Armor: Robe              ||    32
Dodge: Dodged            ||    84
